[Event "California State Seniors 2024"]
[Site "Berkeley"]
[Date "2024.04.13"]
[Round "2.1"]
[White "Lehman, Clarence"]
[Black "Taylor, Timothy"]
[Result "*"]
[ECO "C22"]
[WhiteElo "1789"]
[BlackElo "2114"]
[Annotator "TA"]
[PlyCount "25"]
[EventDate "2024.04.13"]
[EventType "swiss"]
[EventCountry "USA"]
[SourceTitle "playchess.com"]
[Source "ChessBase"]
[SourceQuality "1"]
[TimeControl "5400+30"]

1. e4 Nf6 2. Nc3 e5 3. d4 exd4 4. Qxd4 Nc6 5. Qa4 Bb4 6. Bd2 O-O $1 {[%emt 0:01:33] White must now prevent ...Bxc3.} 7. O-O-O Re8 {[%emt 0:01:39][%cal Ob4c3] Strongly threatening ...Bxc3!} 8. f3 d6 {[%emt 0:18:53] The position is equal.} 9. a3 Bc5 10. b4 (10. Bb5 $1 $11) 10... Bb6 11. Nge2 Bd7 {[%emt 0:01:14][%cal Oc6a5] [#] aiming for ...Na5!} 12. b5 (12. Qb3 $17 {was the only chance.}) 12... Ne5 13. Qb3 {[%emt 1:23:13] Weighted Error Value: White=0.50/Black=0.17 (very precise) .  Mistake:       	White=2     	---        Inaccurate:     	---       	Black=1      OK:         	White=2     	Black=1      Best:        	White=1     	---} *

[Event "California State Seniors 2024"]
[Site "Berkeley"]
[Date "2024.04.13"]
[Round "2.3"]
[White "Gran, Rahim"]
[Black "Del Rosario, Frisco"]
[Result "1-0"]
[ECO "D01"]
[WhiteElo "1785"]
[BlackElo "1810"]
[Annotator "NA RC COMBH"]
[PlyCount "45"]
[EventDate "2024.04.13"]
[EventType "swiss"]
[EventCountry "USA"]
[SourceTitle "playchess.com"]
[Source "ChessBase"]
[SourceQuality "1"]
[TimeControl "5400+30"]

1. d4 Nf6 2. Nc3 d5 3. Bg5 g6 4. f3 Bg7 5. Qd2 O-O 6. O-O-O Re8 7. e4 dxe4 8. fxe4 e5 9. dxe5 Qxd2+ 10. Rxd2 Ng4 11. h3 Nxe5 12. Nd5 Na6 13. Bxa6 bxa6 14. Nxc7 Bb7 15. Nxe8 Rxe8 16. Nf3 Nc4 17. Rd8 Bxb2+ 18. Kd1 Rxd8+ 19. Bxd8 Bxe4 20. Bg5 Na3 21. Re1 Bxc2+ 22. Kd2 Bb1 23. Rxb1 1-0

[Event "California State Seniors 2024"]
[Site "Berkeley"]
[Date "2024.04.14"]
[Round "3.1"]
[White "Gaffagan, Steven"]
[Black "Gran, Rahim"]
[Result "1-0"]
[ECO "B29"]
[WhiteElo "1960"]
[BlackElo "1785"]
[Annotator "TA"]
[PlyCount "51"]
[EventDate "2024.04.13"]
[EventType "swiss"]
[EventCountry "USA"]
[SourceTitle "playchess.com"]
[Source "ChessBase"]
[SourceQuality "1"]
[TimeControl "5400+30"]

1. e4 c5 2. Nf3 Nf6 3. e5 Nd5 4. Nc3 e6 5. Nxd5 exd5 6. d4 Nc6 7. c3 {[%emt 0:04:22] With the idea dxc5.} cxd4 8. Bd3 dxc3 9. O-O Bb4 (9... Be7 $15) 10. h4 (10. Qb3 $11) 10... h6 (10... d6 $15 11. exd6 Qxd6 (11... Bxd6 12. Re1+ Be7 13. bxc3 $11)) 11. Bc2 {[%emt 0:07:49] [#]} d4 12. h5 $2 (12. Nxd4 $16 d5 13. exd6 Bxd6 14. Nxc6 (14. bxc3 O-O $16) 14... bxc6 15. Re1+ (15. bxc3 O-O $16) 15... Be6 16. bxc3) 12... Qb6 (12... d6 $15 13. e6 Bxe6 (13... fxe6 14. Bg6+ Ke7 15. Nxd4 $14) 14. Nxd4 Nxd4 15. Qxd4 Qb6) 13. Rb1 $14 {[%emt 0:01:17][%mdl 1024] White has compensation.} Qc7 (13... O-O $2 14. Qd3 f5 15. exf6 Rxf6 16. Qh7+ Kf8 17. bxc3 $18) (13... Qc5 $1 $14) 14. a3 (14. Nxd4 $16 Nxd4 15. Qxd4) 14... Be7 15. Re1 d6 16. Bf4 ({Don't play} 16. Nxd4 dxe5 17. Nxc6 bxc6 $14) (16. bxc3 $16 {Hoping for exd6.} d3 17. Qxd3 dxe5 18. Nxe5 Nxe5 19. Qg3) 16... Be6 {[%emt 0:01:49] [#]} (16... d5 $1 $14) 17. exd6 (17. bxc3 $1 $16 {aiming for exd6.} d5 18. Nxd4 (18. cxd4 Bxa3 19. Ba4 a5 $11)) 17... Bxd6 $11 18. Bxd6 Qxd6 19. bxc3 O-O-O 20. Nxd4 Nxd4 21. cxd4 {[%emt 0:00:55] next Be4 is good for White.} Qxd4 {[%emt 0:00:21][%mdl 8192] A mistake that costs the game.} (21... Qxa3 $2 {loses.} 22. Be4 Rd7 23. Qc2+ Kd8 24. Bxb7 $18 (24. Rxb7 Rxb7 25. Bxb7 Re8 $16)) (21... Rd7 $11) 22. Qf3 $18 b6 (22... Rd7 $18 23. Be4 b6) 23. Qa8+ {[%emt 0:04:18] White mates.} Kd7 24. Qb7+ Ke8 {[%emt 0:00:28] [#]} 25. Rxe6+ $1 Kf8 26. Re7 {[%emt 0:00:38] Weighted Error Value: White=0.40/Black=1.05.  Loses game:     	---       	Black=1      Mistake:       	White=5     	Black=7      Inaccurate:     	White=3     	Black=2      OK:         	White=4     	Black=2      Best:        	White=2     	---} 1-0

[Event "California State Seniors 2024"]
[Site "Berkeley"]
[Date "2024.04.14"]
[Round "3.2"]
[White "Tia, Rudy Jr."]
[Black "Winslow, Elliott"]
[Result "0-1"]
[ECO "A01"]
[WhiteElo "1798"]
[BlackElo "2003"]
[Annotator "RC"]
[PlyCount "104"]
[EventDate "2024.04.13"]
[EventType "swiss"]
[EventCountry "USA"]
[SourceTitle "playchess.com"]
[Source "ChessBase"]
[SourceQuality "1"]
[TimeControl "5400+30"]

1. b3 Nf6 2. Bb2 g6 3. g3 Bg7 4. Bg2 O-O 5. d3 d5 6. e3 c5 7. Nd2 Nc6 8. Ne2 e5 9. h3 Qc7 10. a3 Re8 11. O-O Be6 12. f4 Rad8 13. Qe1 h5 14. Nf3 Nh7 15. Nxe5 Nxe5 16. Bxe5 Bxe5 17. fxe5 Qxe5 18. Qf2 f5 19. d4 Qc7 20. Nf4 Bf7 21. Nd3 b6 22. Ne5 Nf6 23. Qf4 Kg7 24. Rae1 Re7 25. c3 Rde8 26. Bf3 Rxe5 27. dxe5 Rxe5 28. b4 Qe7 29. Kf2 Ne4+ 30. Bxe4 Rxe4 31. Qf3 Qe5 32. bxc5 bxc5 33. Rb1 Qxc3 34. Rb7 Qxa3 35. Rfb1 Qa6 36. g4 Qf6 37. gxf5 Qxf5 38. Qxf5 gxf5 39. Rxa7 Kf6 40. Rb6+ Be6 41. Rc7 f4 42. exf4 c4 43. Kg3 Kf5 44. Rb8 Re3+ 45. Kf2 d4 46. Rc5+ Kxf4 47. Rf8+ Ke4 48. Re8 Kd3 49. h4 c3 50. Ra8 Re2+ 51. Kg3 Kd2 52. Ra2+ Bxa2 0-1

[Event "California State Seniors 2024"]
[Site "Berkeley"]
[Date "2024.04.14"]
[Round "3.3"]
[White "Vale Cruz, Armin"]
[Black "Snyder, Larry"]
[Result "1-0"]
[ECO "B01"]
[WhiteElo "1785"]
[BlackElo "1990"]
[Annotator "TA"]
[PlyCount "71"]
[EventDate "2024.04.13"]
[EventType "swiss"]
[EventCountry "USA"]
[SourceTitle "playchess.com"]
[Source "ChessBase"]
[SourceQuality "1"]
[TimeControl "5400+30"]

1. e4 d5 2. exd5 Qxd5 3. Nc3 Qa5 4. d4 Nf6 5. Nf3 c6 6. Bf4 Bf5 7. Bc4 e6 8. O-O Nbd7 9. a3 Be7 10. Re1 O-O 11. h3 Nd5 {[%emt 0:03:34] The position is equal.} 12. Bxd5 cxd5 13. b4 Qd8 14. Qe2 Nb6 15. g4 (15. Nd1 $15) 15... Bg6 $17 16. Ne5 Rc8 17. Nxg6 hxg6 18. Nd1 Bf6 19. c3 Qd7 20. g5 Be7 21. Qg4 Bd6 ({Better is} 21... Nc4 $17) 22. Bxd6 $11 Qxd6 23. a4 Nc4 24. f4 (24. Kg2 $15) 24... Nd2 $17 25. Re3 Ne4 26. h4 f5 27. Qf3 Kf7 {[%emt 0:01:00] And now ...Rh8 would win.} 28. Ra2 (28. Nf2 $17 Ke8 29. b5) 28... Rh8 $19 29. Rh2 Rh5 (29... b6 $142 30. Nf2 Kg8) 30. Qf1 $17 Qc6 (30... Rc7 $17) 31. Nb2 $15 Nd6 (31... Nxc3 $11 32. Rc2 Qb6 (32... Rxh4 33. Rexc3 Qxc3 34. Rxc3 $16)) 32. Qe1 Nc4 {[%emt 0:00:00] [#]} 33. Nd3 $1 Rhh8 (33... Re8 34. Ra2) 34. h5 gxh5 {[%emt 0:00:00] [#]} (34... Rxh5 $11 {remains equal.} 35. Rxh5 gxh5) 35. g6+ Kxg6 $2 ({Worse is} 35... Kf6 36. Qh4+ Kxg6 37. Qe7 Kh6 38. Rxh5+ (38. Rxe6+ Kh7 39. Rxh5+ Kg8 40. Rg5 Rh7 41. Rxc6 Rf8) 38... Kg6 39. Rg5+ Kh7 40. Qxg7#) (35... Ke7 $14 36. Rxe6+ Qxe6) 36. Rxe6+ {[%emt 0:00:00] Never resign too early!   Weighted Error Value: White=0.20 (precise) /Black=0.24 (precise) .  Loses game:     	---       	Black=1      Mistake:       	White=4     	Black=5      Inaccurate:     	White=6     	Black=2      OK:         	White=11    	Black=8      Best:        	White=1     	Black=1} 1-0

[Event "California State Seniors 2024"]
[Site "Berkeley"]
[Date "2024.04.15"]
[Round "4.1"]
[White "Winslow, Elliott"]
[Black "Gaffagan, Steven"]
[Result "1-0"]
[ECO "E69"]
[WhiteElo "2003"]
[BlackElo "1960"]
[Annotator "RC"]
[PlyCount "68"]
[EventDate "2024.04.13"]
[EventType "swiss"]
[EventCountry "USA"]
[SourceTitle "playchess.com"]
[Source "ChessBase"]
[SourceQuality "1"]
[TimeControl "5400+30"]

1. d4 Nf6 2. c4 g6 3. g3 Bg7 4. Bg2 O-O 5. Nc3 c6 6. e4 d6 7. Nge2 Na6 8. O-O e5 9. b3 exd4 10. Nxd4 Nc5 11. h3 Re8 12. Re1 a5 13. Qc2 Nfxe4 14. Nxe4 Nxe4 15. Rxe4 Rxe4 16. Qxe4 c5 17. Be3 cxd4 18. Bxd4 Bf5 19. Qe3 Qf8 20. Bxg7 Qxg7 21. Re1 Rf8 22. Qd2 a4 23. bxa4 Qf6 24. Bxb7 Rb8 25. Bd5 Rb2 26. Qf4 Kg7 27. Re8 Rb1+ 28. Kh2 h5 29. a5 g5 30. Qe3 Rb2 31. Kg2 Bd7 32. Re7 Be6 33. Ra7 g4 34. Bxe6 Rxf2+ 1-0

[Event "California State Seniors 2024"]
[Site "Berkeley"]
[Date "2024.04.15"]
[Round "4.2"]
[White "Watson, Farid"]
[Black "Cordon, Michael"]
[Result "1/2-1/2"]
[ECO "E14"]
[WhiteElo "1867"]
[BlackElo "1953"]
[Annotator "NA RC"]
[PlyCount "101"]
[EventDate "2024.04.13"]
[EventType "swiss"]
[EventCountry "USA"]
[SourceTitle "playchess.com"]
[Source "ChessBase"]
[SourceQuality "1"]
[TimeControl "5400+30"]

1. d4 Nf6 2. c4 e6 3. Nf3 d5 4. Nc3 Be7 5. e3 O-O 6. Bd3 b6 7. O-O Bb7 8. b3 Nbd7 9. Bb2 c5 10. Qe2 (10. cxd5 $14 Nxd5 11. Nxd5 exd5 12. Rc1) 10... Ne4 11. Rad1 {[%emt 0:00:00] E14: Queen's Indian: Classical Variation (4 e3).} Nxc3 12. Bxc3 Qc7 13. Ne5 Nxe5 14. dxe5 Rfd8 15. Qh5 g6 16. Qg4 (16. Qe2 $1 $11) 16... dxc4 17. Bxc4 Rxd1 18. Rxd1 Rd8 (18... Bc6 $15 {deserves consideration.}) 19. Re1 (19. Rxd8+ $11 Qxd8 20. Qe2) 19... Bd5 20. Bf1 Bc6 21. h4 Bf8 (21... h5 $17 22. Qf4 b5) 22. h5 Bg7 23. f4 Be4 24. hxg6 hxg6 25. Rd1 Rd7 26. Bb5 Bc6 27. Rxd7 Qxd7 28. Bxc6 Qxc6 29. Qd1 Qd5 30. Qxd5 exd5 31. g4 Kf8 32. Kf2 Ke8 33. Kf3 Bf8 34. Be1 Be7 35. Ke2 Bd8 36. Kd3 Kd7 37. Bg3 b5 38. e4 Kc6 39. f5 c4+ 40. bxc4 dxc4+ 41. Kc2 gxf5 42. gxf5 Be7 43. Bf2 a6 44. Bd4 b4 $11 45. Be3 Bf8 46. Bg5 Kd7 47. Be3 Kc6 48. Bg5 Kd7 49. Be3 Kc6 50. Bg5 Kd7 51. Be3 1/2-1/2

[Event "California State Seniors 2024"]
[Site "Berkeley"]
[Date "2024.04.14"]
[Round "4.3"]
[White "Lehman, Clarence"]
[Black "Tia, Rudy Jr."]
[Result "0-1"]
[ECO "B00"]
[WhiteElo "1789"]
[BlackElo "1798"]
[Annotator "NA RC"]
[PlyCount "120"]
[EventDate "2024.04.13"]
[EventType "swiss"]
[EventCountry "USA"]
[SourceTitle "playchess.com"]
[Source "ChessBase"]
[SourceQuality "1"]
[TimeControl "5400+30"]

1. e4 b6 2. d4 Bb7 3. Bd3 g6 4. Qe2 Bg7 5. c3 d5 6. e5 e6 7. Nf3 Qc8 8. O-O Ba6 9. b4 Bxd3 10. Qxd3 Ne7 11. a4 c5 12. bxc5 bxc5 13. Qb5+ Nd7 14. Ba3 Rb8 15. Qe2 O-O 16. Nbd2 Qc6 17. Rfc1 f6 18. exf6 Bxf6 19. Ne5 Nxe5 20. dxe5 Bg5 21. g3 Bxd2 22. Qxd2 Rb3 23. Qg5 Nf5 24. g4 Ng7 25. Qe7 Rc8 26. Qxa7 Rb6 27. Qe7 Qxa4 28. Bb4 Qe8 29. Bxc5 Qxe7 30. Bxe7 Rbc6 31. Bb4 Rc4 32. h3 d4 33. Ra3 Rxb4 34. Ra8 Rbc4 35. Rxc8+ Rxc8 36. c4 Rc5 37. f4 g5 38. fxg5 Rxe5 39. c5 Ne8 40. c6 Nc7 41. Rc4 Rd5 42. Kf2 e5 43. Rb4 Rc5 44. Rb8+ Kg7 45. h4 Rxc6 46. h5 h6 47. g6 Ne6 48. Re8 Kf6 49. Rh8 Kg5 50. Rh7 e4 51. g7 Rc2+ 52. Kg3 Rc3+ 53. Kh2 Nxg7 54. Rxg7+ Kh4 55. Rg6 Rc2+ 56. Kg1 Kg3 57. Kf1 d3 58. Ke1 e3 59. Kd1 e2+ 60. Ke1 Rc1+ 0-1

[Event "California State Seniors 2024"]
[Site "Berkeley"]
[Date "2024.04.15"]
[Round "5.1"]
[White "Winslow, Elliott"]
[Black "Taylor, Timothy"]
[Result "0-1"]
[ECO "D41"]
[WhiteElo "2003"]
[BlackElo "2114"]
[Annotator "TA"]
[PlyCount "103"]
[EventDate "2024.04.13"]
[EventType "swiss"]
[EventCountry "USA"]
[SourceTitle "playchess.com"]
[Source "ChessBase"]
[SourceQuality "1"]
[TimeControl "5400+30"]

1. d4 d5 2. c4 e6 3. Nc3 Nf6 4. cxd5 Nxd5 5. Nf3 c5 6. e3 Nc6 7. Bc4 Nb6 {[%emt 0:03:43] [#] ...cxd4 is the strong threat.} 8. Be2 Be7 9. O-O O-O {[%emt 0:00:50] The position is equal.} 10. dxc5 Bxc5 11. b3 e5 12. Bb2 f6 13. Rc1 Be6 14. Ne4 Be7 15. Nc5 Bxc5 16. Rxc5 Qxd1 17. Rxd1 Rfd8 18. Kf1 ({Better is} 18. Rxd8+ $11 Rxd8 19. h4) 18... Nb4 (18... Rxd1+ $15 19. Bxd1 Nb4) 19. Ra5 a6 20. Bc3 (20. Rxd8+ $11 Rxd8 21. Ne1) 20... N6d5 (20... Rxd1+ $15 21. Bxd1 Nc6) 21. Bd2 {[%emt 0:03:29] And now e4 would win.} Rac8 {[%emt 0:11:17] Threatening ...Nc3.} 22. e4 (22. Ra4 $11 {remains equal.} Nc6 23. Ne1) 22... Nc3 $17 23. Ra1 {[%emt 0:03:33] This costs White the game.} (23. Bxc3 $17 {is the only way for White.} Rxd1+ 24. Bxd1 Rxc3 25. Ke2) 23... b6 24. Rxa6 Nxa6 25. Bxa6 Ra8 26. Bxc3 Rxa6 27. Nd2 Rc8 28. Bb4 b5 29. a3 Rac6 30. Ke2 Rc1 31. Ra2 (31. Rxc1 $17 Rxc1 32. f3) 31... R1c2 32. Rxc2 Rxc2 {[%emt 0:00:05][%mdl 4096] Endgame. KRB-KBN} 33. Kd1 Rc8 {[%emt 0:01:09] Black is more active.} 34. Ke2 Kf7 35. f3 Ke8 36. g3 Rc1 37. Kf2 Kd7 38. g4 g6 39. h3 f5 40. exf5 gxf5 41. g5 (41. a4 $142) 41... f4 42. Ne4 $2 (42. h4) 42... Bf5 $19 {[%emt 0:01:42][%cal Of5e4] [#] Threatens to win with ...Bxe4!} 43. Nf6+ Ke6 44. h4 Rb1 45. Ne8 Bd3 (45... Rxb3 46. Ng7+ Kf7 47. Nxf5 $11) 46. h5 Rxb3 {[%emt 0:02:07] aiming for ...Rb2+.} 47. g6 hxg6 48. hxg6 Bxg6 {[%emt 0:00:47] ( -> ...Rxb4)} 49. Nc7+ Kf5 50. Nxb5 Bh5 51. Nc3 Rb2+ 52. Kf1 {[%emt 0:06:17] Weighted Error Value: White=0.56/Black=0.13 (very precise) .  Mistake:       	White=7     	Black=2      Inaccurate:     	White=4     	Black=2      OK:         	White=10    	Black=15     Best:        	White=1     	Black=2} 0-1

[Event "California State Seniors 2024"]
[Site "Berkeley"]
[Date "2024.04.15"]
[Round "5.2"]
[White "Gaffagan, Steven"]
[Black "Cruz, Michael Anderson Car"]
[Result "1-0"]
[ECO "B00"]
[WhiteElo "1960"]
[BlackElo "1939"]
[Annotator "TA"]
[PlyCount "49"]
[EventDate "2024.04.13"]
[EventType "swiss"]
[EventCountry "USA"]
[SourceTitle "playchess.com"]
[Source "ChessBase"]
[SourceQuality "1"]
[TimeControl "5400+30"]

1. e4 b6 2. d4 Bb7 3. f3 g6 4. Be3 Bg7 5. Nc3 d6 6. Qd2 Nd7 7. g4 e6 8. h4 {[%emt 0:02:37] White is better.} h5 9. g5 Ne7 10. Nge2 a6 11. Bh3 c5 12. O-O O-O 13. Rad1 d5 14. exd5 cxd4 $2 (14... exd5 15. f4 $14) (14... Bxd5 $11 15. dxc5 Nxc5) 15. dxe6 $18 Ne5 16. exf7+ (16. Qxd4 Nxf3+ (16... Bxf3 $2 17. Qxe5 Bxe5 18. Rxd8 $18) 17. Rxf3 Bxd4 18. Nxd4 Qc7 $19 (18... Bxf3 $2 19. Nxf3 Qb8 20. Ne4 $19)) 16... Kh7 (16... Rxf7 $16 17. Nxd4 N7c6) 17. Nxd4 {[%emt 0:03:18] Hoping for f4.} (17. Qxd4 Nxf3+ (17... Nxf7 $2 18. Qxd8 Nxd8 19. Bxb6 $18) 18. Rxf3 Bxd4 19. Rxd4 Bxf3 $11) 17... Nc4 (17... Rxf7 $142 18. Qe2 Qc7) 18. Qe2 Qc7 19. Bf2 {[%emt 0:12:29] [#] Dodges Qg3+. Strongly threatening Ne6.} Nxb2 20. Ne6 Qxc3 21. Nxg7 $2 (21. Nxf8+ $6 Rxf8 22. Rd7 (22. Qxe7 $2 Qxf3 $19) 22... Nd5 $16 (22... Bxf3 $2 23. Qxe7 Bc6 24. Bf5 $18)) ({White must play} 21. Rd7 $18 Bxf3 22. Nxf8+ Rxf8 23. Qxe7) 21... Nxd1 $17 22. Rxd1 {[%emt 0:09:02] And now Nxh5 would win.} Bxf3 (22... Rxf7 $17 23. Nxh5 gxh5) 23. Qxe7 $14 {[%emt 0:05:01] White threatens Ne8 and mate.} Bxd1 24. Ne6 (24. Ne8 $1 $14 Qxh3 25. Qf6 (25. Qxf8 Qg4+ 26. Kh2 Qf4+ 27. Bg3 Qd2+ 28. Kg1 Qd4+ 29. Kf1 Qc4+ 30. Kf2 Qd4+ 31. Kf1 Qc4+ 32. Kf2 Qd4+ 33. Kg2 Qd5+ 34. Kg1 Qd4+ 35. Bf2 Qg4+ 36. Kh2 Qf4+ 37. Kg1 Qg4+ $11) 25... Raxe8 (25... Bxc2 26. Qg7#) (25... Qg4+ 26. Kh2 $14) 26. fxe8=Q Qg4+ (26... Rxf6 $2 27. Qe7+ Kg8 28. gxf6 $18) 27. Kh2 Rxe8 (27... Rxf6 $2 28. gxf6 Qf4+ 29. Kg1 $18) 28. Qf7+ Kh8 29. Qxe8+ Kg7 30. Qe5+ Kh7 31. Qc7+ Kg8 32. Qd8+ Kh7 33. Qf6) 24... Bf3 $2 {[%emt 0:06:03][%mdl 8192] [#]} 25. Nxf8+ {[%emt 0:01:02] Weighted Error Value: White=0.36/Black=0.62.  Loses game:     	---       	Black=2      Missed win:     	White=1     	---        Mistake:       	White=1     	Black=3      Inaccurate:     	White=3     	Black=2      OK:         	White=3     	Black=7      Best:        	White=3     	Black=3} 1-0

[Event "California State Seniors 2024"]
[Site "Berkeley"]
[Date "2024.04.15"]
[Round "5.3"]
[White "Tia, Rudy Jr."]
[Black "Watson, Farid"]
[Result "1-0"]
[ECO "A01"]
[WhiteElo "1798"]
[BlackElo "1867"]
[Annotator "NA RC"]
[PlyCount "81"]
[EventDate "2024.04.13"]
[EventType "swiss"]
[EventCountry "USA"]
[SourceTitle "playchess.com"]
[Source "ChessBase"]
[SourceQuality "1"]
[TimeControl "5400+30"]

1. b3 g6 2. Bb2 Nf6 3. g3 Bg7 4. Bg2 O-O 5. d3 d6 6. e3 {[%emt 0:00:31] A01: Nimzowitsch-Larsen Opening.} Nc6 7. Nd2 Bg4 8. Ne2 Qc8 9. h3 Bd7 10. a3 a5 11. Qb1 Rb8 12. Qa2 b5 13. Rc1 Nd8 14. c4 b4 15. axb4 axb4 16. c5 Ne6 17. c6 Be8 $1 18. d4 (18. Bxf6 $11 {should be considered.} Bxf6 19. d4) 18... Ra8 19. Qb1 Qa6 20. Qc2 d5 21. e4 Nxe4 (21... dxe4 $15 22. Nxe4 Nd5) 22. Nxe4 dxe4 23. Bxe4 Ng5 24. Bg2 f5 25. O-O Bf7 26. Nf4 Rad8 (26... Qa2 $11) 27. Rfe1 Bf6 28. h4 Ne4 29. Bxe4 fxe4 30. Rxe4 Rd6 {[%emt 0:02:42] [#]} (30... Qb5 $142) 31. d5 $1 Bxd5 32. Nxd5 ({Weaker is} 32. Rxb4 Rxc6 33. Qd2 Rxc1+ 34. Qxc1 Ba8 35. Bxf6 Qxf6 $11) 32... Rxd5 33. Bxf6 Rxf6 $2 (33... exf6 $16 34. Rxb4 Qd3 35. Qxd3 Rxd3) 34. Rxe7 ({Less strong is} 34. Rxb4 Rdf5 $14) 34... Rdf5 $2 (34... Rf7 35. Rxf7 Kxf7) 35. Qc4+ $2 (35. Rd1 $18 Qa7 36. Qb2 (36. Rd8+ Rf8 $18) 36... Qxf2+ 37. Qxf2 Rxf2 38. Rxc7) 35... Qxc4 36. Rxc4 Rxf2 37. Rxb4 Rf8 $2 38. Rxc7 h5 $18 {[%emt 0:05:43] [#]} 39. Rf4 $1 Rc2 40. Rxf8+ Kxf8 41. b4 1-0